 Dungeon Crawl Stone Soup version 0.23.0 (webtiles) character file.

Game seed: 10922923435330267883

96 Borgoz the Sneak (level 4, 0/28 HPs)
             Began as a Kobold Assassin on Feb 16, 2019.
             Succumbed to a worker ant's poison
             ... on level 4 of the Dungeon.
             The game lasted 00:03:59 (2930 turns).

Borgoz the Sneak (Kobold Assassin)                  Turns: 2930, Time: 00:03:59

Health: 0/28       AC:  5    Str: 13    XL:     4   Next: 98%
Magic:  4/4        EV: 15    Int: 17    God:
Gold:   107        SH:  0    Dex: 17    Spells: 3/3 levels left

rFire    . . .     SeeInvis .   a - +2 dagger
rCold    . . .     Gourm    .   (shield restricted)
rNeg     . . .     Faith    .   c - +0 robe
rPois    .         Spirit   .   (no helmet)
rElec    .         Reflect  .   d - +1 cloak
rCorr    .         Harm     .   (no gloves)
MR       .....                  q - +0 pair of boots
Stlth    +++.......             (no amulet)
HPRegen  0.09/turn              (no ring)
MPRegen  0.09/turn              (no ring)

@: mighty, brilliant, lethally poisoned (0 -> -21)
A: small, carnivore
a: no special abilities


You were on level 4 of the Dungeon.
You were very full.

You visited 1 branch of the dungeon, and saw 4 of its levels.

You collected 107 gold pieces.

Inventory:

Hand Weapons
 a - a +2 dagger (weapon)
 b - a +0 blowgun
Missiles
 e - 8 poisoned needles
 f - 2 curare-tipped needles
Armour
 c - a +0 robe (worn)
 d - a +1 cloak (worn)
 q - a +0 pair of boots (worn)
Jewellery
 s - an uncursed amulet of guardian spirit {unknown}
Wands
 t - a wand of acid (9)
Scrolls
 h - a scroll of immolation {unknown}
 i - a scroll of teleportation
 j - 2 scrolls of magic mapping {unknown}
 k - a scroll of identify {unknown}
 l - 2 scrolls of fog {unknown}
 m - 2 scrolls of remove curse
 u - a scroll of fear {unknown}
Potions
 o - a potion of agility
Comestibles
 g - 4 rations


   Skills:
 + Level 3.0 Fighting
 * Level 4.2 Short Blades
 - Level 2.1 Throwing
 + Level 2.1 Dodging
 * Level 6.3 Stealth


You had 3 spell levels left.
You didn't know any spells.
Your spell library was empty.

Dungeon Overview and Level Annotations

Branches:
Dungeon (4/15)
 Temple: D:4-7

Altars:


Innate Abilities, Weirdness & Mutations

You are small and have problems with some larger weapons.
You are carnivorous and can eat meat at any time.


Message History

You feel sick.
The worker ant bites you but does no damage.
You hit the worker ant but do no damage.
The worker ant is heavily wounded.
You feel sick. The worker ant bites you.
* * * LOW HITPOINT WARNING * * *
It was a potion of might.
You feel very mighty all of a sudden.
* * * LOW HITPOINT WARNING * * *
You feel sick. The worker ant bites you.
* * * LOW HITPOINT WARNING * * *
You are more poisoned.
The worker ant poisons you!
It was a potion of brilliance.
You feel clever all of a sudden.
* * * LOW HITPOINT WARNING * * *
You feel sick. The worker ant closely misses you.
You hit the worker ant.
The worker ant is almost dead.
You die...

#. .. #. .
#.#. #...
###..###
.....!#
#.a#.#
#.@#.#####.#
#[..........
#..........#
#..#.##.##.
#..#.# ..
#..#.#
...#.#
##.##.#
###.##.#


You could see a worker ant.

Vanquished Creatures
  A hound skeleton (D:4)
  2 adders
  An adder skeleton (D:4)
  2 worms (D:2)
  A leopard gecko (D:1)
  2 orcs (D:3)
  5 giant cockroaches
  5 goblins
  8 hobgoblins
  5 jackals
  A quokka (D:4)
  4 bats
  4 frilled lizards
  8 kobolds
  4 rats
53 creatures vanquished.

Notes
Turn   | Place    | Note
-------+----------+-------------------------------------------
     0 | D:1      | Borgoz the Kobold Assassin began the quest for the Orb.
     0 | D:1      | Reached XP level 1. HP: 12/12 MP: 1/1
   189 | D:1      | Reached XP level 2. HP: 17/17 MP: 2/2
   587 | D:1      | Reached XP level 3. HP: 19/22 MP: 3/3
  1410 | D:2      | Reached skill level 6 in Stealth
  1444 | D:2      | Reached XP level 4. HP: 8/27 MP: 4/4
  2930 | D:4      | Succumbed to a worker ant's poison

Skill      XL: |  1  2  3  4 |
---------------+-------------+-----
Short Blades   | 3 4 |  4.2
Stealth        | 6 |  6.3
Dodging        | 2 |  2.1
Fighting       | 3 |  3.0
Throwing       | |  2.1

Action                   |  1- 3 |  4- 6 || total
-------------------------+-------+-------++-------
Melee: Dagger            |   115 |   103 ||   218
  Use: Potion            |       |     6 ||     6
       Scroll            |       |     3 ||     3
 Stab: Sleeping          |    15 |     4 ||    19
  Eat: Chunk             |    10 |     4 ||    14
Armor: Robe              |    15 |    13 ||    28
Dodge: Dodged            |    58 |    45 ||   103
